[ AOE2 MATCH · #457874440 ]
UnrankedVietnamese vs Muisca
[ REPLAY ANALYSIS · EXTRACTED FROM THE RECORDED GAME ]
Feudal
15:26
Castle
23:57
Imperial
—
| APM avg | 22.3 |
| APM peak | 50 |
| eAPM avg | 16.0 |
| Villagers / military | 108 / 8 |
Focus
⚔️ 16.6% · 🌾 83.4%
Skirmisher ×8
Feudal
11:40
Castle
27:29
Imperial
—
| APM avg | 20.9 |
| APM peak | 39 |
| eAPM avg | 13.5 |
| Villagers / military | 82 / 0 |
Focus
⚔️ 23.2% · 🌾 76.8%
Unknown (2550) ×135 · Unknown (2562) ×7
Feudal
13:15
Castle
36:03
Imperial
—
| APM avg | 17.9 |
| APM peak | 37 |
| eAPM avg | 12.5 |
| Villagers / military | 72 / 21 |
Focus
⚔️ 29.3% · 🌾 70.7%
Skirmisher ×12 · Kona ×9
Feudal
12:52
Castle
33:53
Imperial
—
| APM avg | 32.1 |
| APM peak | 57 |
| eAPM avg | 15.3 |
| Villagers / military | 61 / 0 |
Focus
⚔️ 25.3% · 🌾 74.7%
Unknown (2550) ×69
Feudal
10:37
Castle
14:24
Imperial
30:53
| APM avg | 30.5 |
| APM peak | 52 |
| eAPM avg | 21.7 |
| Villagers / military | 154 / 133 |
Focus
⚔️ 21.4% · 🌾 78.6%
Hand Cannoneer ×50 · Ghulam ×37 · Camel Scout ×34 · Archer ×10 · Trebuchet (Packed) ×2
Feudal
11:22
Castle
17:07
Imperial
31:50
| APM avg | 20.1 |
| APM peak | 48 |
| eAPM avg | 14.0 |
| Villagers / military | 99 / 177 |
Focus
⚔️ 24.2% · 🌾 75.8%
Spearman ×170 · Battering Ram ×5 · Monk ×1 · Trebuchet (Packed) ×1
Feudal
10:29
Castle
14:07
Imperial
27:12
| APM avg | 35.5 |
| APM peak | 90 |
| eAPM avg | 23.6 |
| Villagers / military | 180 / 127 |
Focus
⚔️ 31.6% · 🌾 68.4%
Knight ×107 · War Elephant ×16 · Trebuchet (Packed) ×3 · Monk ×1
Feudal
16:23
Castle
22:22
Imperial
32:32
| APM avg | 19.9 |
| APM peak | 48 |
| eAPM avg | 11.6 |
| Villagers / military | 67 / 77 |
Focus
⚔️ 42.4% · 🌾 57.6%
Archer ×77 · Unknown (2550) ×3
Match map
Initial resources + every placement click. Lines = walls · curves = elevation contours. ◆ gold · ⬟ stone · ● berries · ✦ relic · ◌ wall gap
Your base· ✓ Closed at 23:57 · 84t walls · no gate
ATM_おれあぽ's base· Open — unwalled flank
DancingSword's base· ✓ Closed at 36:03 · 54t walls · 7 gate(s)
RenRen's base· ✓ Closed at 33:53 · 13t walls · 2 gate(s) · fragile
我种田你顶住's base· ✓ Closed at 14:24 · 0t walls · fragile
wwwguezzwww's base· Open — unwalled flank
ZN's base· ✓ Closed at 14:07 · 5t walls · 2 gate(s) · fragile
狐月's base· Open — unwalled flank
Smoothed initial terrain · ◌ = detected wall gap · hover for details
Inputs per minute
— Tipsta - - ATM_おれあぽ
Build order — Tipsta
First 150 of 242 actions detected
| 0:01 | Create | Villager (Male) |
| 0:01 | Create | Villager (Male) |
| 0:02 | Create | Villager (Male) |
| 0:03 | Build | House |
| 0:06 | Build | House |
| 0:20 | Research | Loom |
| 0:38 | Create | Villager (Male) |
| 0:38 | Create | Villager (Male) |
| 0:38 | Create | Villager (Male) |
| 1:03 | Build | Palisade Wall |
| 2:57 | Build | Palisade Wall |
| 3:10 | Create | Villager (Male) |
| 3:10 | Create | Villager (Male) |
| 3:10 | Create | Villager (Male) |
| 3:45 | Create | Villager (Male) |
| 3:45 | Create | Villager (Male) |
| 3:56 | Build | Palisade Wall |
| 4:05 | Build | Palisade Wall |
| 4:06 | Build | Palisade Wall |
| 4:44 | Create | Villager (Male) |
| 4:44 | Create | Villager (Male) |
| 4:54 | Build | Palisade Wall |
| 5:10 | Build | Palisade Wall |
| 5:18 | Create | Villager (Male) |
| 5:18 | Create | Villager (Male) |
| 5:18 | Create | Villager (Male) |
| 5:19 | Create | Villager (Male) |
| 6:00 | Create | Villager (Male) |
| 6:18 | Build | Lumber Camp |
| 6:33 | Create | Villager (Male) |
| 6:49 | Build | House |
| 6:54 | Create | Villager (Male) |
| 7:17 | Create | Villager (Male) |
| 7:18 | Create | Villager (Male) |
| 7:50 | Build | Mill |
| 7:55 | Create | Villager (Male) |
| 8:30 | Create | Villager (Male) |
| 8:31 | Create | Villager (Male) |
| 8:31 | Create | Villager (Male) |
| 8:39 | Build | House |
| 8:41 | Build | House |
| 8:46 | Build | House |
| 9:47 | Create | Villager (Male) |
| 9:47 | Create | Villager (Male) |
| 9:47 | Create | Villager (Male) |
| 9:49 | Create | Villager (Male) |
| 10:19 | Build | Mill |
| 10:28 | Create | Villager (Male) |
| 10:29 | Create | Villager (Male) |
| 11:00 | Create | Villager (Male) |
| 11:25 | Create | Villager (Male) |
| 11:27 | Create | Villager (Male) |
| 12:17 | Build | Mill |
| 12:30 | Create | Villager (Male) |
| 12:30 | Create | Villager (Male) |
| 12:54 | Build | House |
| 13:16 | Research | Feudal Age |
| 13:53 | Build | House |
| 14:33 | Create | Villager (Male) |
| 15:02 | Create | Villager (Male) |
| 15:02 | Create | Villager (Male) |
| 15:02 | Create | Villager (Male) |
| 15:03 | Create | Villager (Male) |
| 15:03 | Create | Villager (Male) |
| 15:03 | Create | Villager (Male) |
| 15:04 | Create | Villager (Male) |
| 15:04 | Create | Villager (Male) |
| 15:05 | Create | Villager (Male) |
| 15:05 | Create | Villager (Male) |
| 15:05 | Create | Villager (Male) |
| 15:06 | Create | Villager (Male) |
| 15:26 | Age | Feudal Age |
| 15:38 | Build | Stone Wall |
| 15:43 | Build | Stone Wall |
| 15:54 | Build | Stone Wall |
| 15:56 | Build | Stone Wall |
| 16:00 | Build | Stone Wall |
| 16:10 | Create | Villager (Male) |
| 16:23 | Build | Market |
| 16:24 | Build | Blacksmith |
| 16:34 | Research | Double-Bit Axe |
| 16:35 | Create | Villager (Male) |
| 17:56 | Create | Villager (Male) |
| 18:03 | Build | Farm |
| 18:04 | Build | Farm |
| 18:05 | Build | Farm |
| 18:07 | Build | Farm |
| 18:08 | Build | Farm |
| 18:14 | Build | Mining Camp |
| 18:23 | Build | Farm |
| 18:25 | Build | Farm |
| 18:27 | Build | Farm |
| 18:28 | Build | Farm |
| 18:31 | Build | Farm |
| 18:38 | Build | Farm |
| 19:00 | Build | Farm |
| 19:10 | Build | House |
| 19:34 | Create | Villager (Male) |
| 19:35 | Create | Villager (Male) |
| 19:46 | Build | Lumber Camp |
| 20:25 | Build | Mining Camp |
| 20:46 | Build | Farm |
| 20:57 | Build | Mining Camp |
| 21:09 | Research | Castle Age |
| 21:24 | Build | Stone Wall |
| 21:29 | Build | Stone Wall |
| 21:39 | Build | Farm |
| 22:04 | Build | Stone Wall |
| 22:14 | Build | Stone Wall |
| 22:27 | Build | Mining Camp |
| 22:30 | Build | Farm |
| 22:46 | Build | Stone Wall |
| 22:55 | Build | Stone Wall |
| 23:06 | Build | Stone Wall |
| 23:57 | Age | Castle Age |
| 24:02 | Build | Stone Wall |
| 25:30 | Build | Castle |
| 26:25 | Build | University |
| 26:38 | Build | Castle |
| 28:09 | Build | Town Center |
| 28:45 | Build | Farm |
| 28:46 | Build | Farm |
| 29:48 | Create | Villager (Male) |
| 29:48 | Create | Villager (Male) |
| 29:49 | Create | Villager (Male) |
| 29:49 | Create | Villager (Male) |
| 29:49 | Create | Villager (Male) |
| 29:50 | Create | Villager (Male) |
| 29:51 | Create | Villager (Male) |
| 29:51 | Create | Villager (Male) |
| 29:51 | Create | Villager (Male) |
| 30:05 | Build | Town Center |
| 30:36 | Create | Villager (Male) |
| 30:36 | Create | Villager (Male) |
| 30:46 | Research | Bow Saw |
| 31:05 | Build | Barracks |
| 31:29 | Research | Padded Archer Armor |
| 31:30 | Research | Fletching |
| 31:38 | Create | Villager (Male) |
| 31:39 | Create | Villager (Male) |
| 31:39 | Create | Villager (Male) |
| 31:40 | Create | Villager (Male) |
| 31:54 | Build | House |
| 31:55 | Build | House |
| 31:56 | Build | House |
| 31:57 | Build | House |
| 31:58 | Build | House |
| 31:59 | Build | House |
| 31:59 | Build | House |
| 32:00 | Build | House |
Build order — ATM_おれあぽ
First 150 of 247 actions detected
| 0:01 | Create | Villager (Male) |
| 0:01 | Create | Villager (Male) |
| 0:03 | Build | House |
| 0:04 | Build | House |
| 0:05 | Create | Villager (Male) |
| 0:05 | Create | Villager (Male) |
| 1:33 | Create | Villager (Male) |
| 1:53 | Build | Settlement |
| 2:05 | Build | Settlement |
| 2:13 | Create | Villager (Male) |
| 2:14 | Create | Villager (Male) |
| 2:43 | Create | Villager (Male) |
| 3:03 | Create | Villager (Male) |
| 3:55 | Create | Villager (Male) |
| 3:56 | Create | Villager (Male) |
| 4:39 | Build | Settlement |
| 4:41 | Create | Villager (Male) |
| 4:43 | Create | Villager (Male) |
| 4:49 | Create | Villager (Male) |
| 5:22 | Create | Villager (Male) |
| 6:15 | Create | Villager (Male) |
| 6:59 | Create | Villager (Male) |
| 7:04 | Create | Villager (Male) |
| 7:22 | Create | Villager (Male) |
| 7:59 | Create | Villager (Male) |
| 8:02 | Create | Villager (Male) |
| 8:12 | Create | Villager (Male) |
| 8:19 | Create | Villager (Male) |
| 8:32 | Build | Barracks |
| 8:33 | Create | Villager (Male) |
| 8:51 | Build | House |
| 8:52 | Build | House |
| 8:53 | Create | Villager (Male) |
| 9:03 | Research | Loom |
| 9:13 | Research | Feudal Age |
| 9:20 | Build | House |
| 9:45 | Build | Settlement |
| 9:48 | Create | Unit 2550 |
| 9:48 | Create | Unit 2550 |
| 9:48 | Create | Unit 2550 |
| 10:11 | Build | House |
| 10:43 | Create | Unit 2550 |
| 10:44 | Create | Unit 2550 |
| 11:02 | Build | Outpost |
| 11:19 | Build | Farm |
| 11:19 | Build | Farm |
| 11:19 | Build | Farm |
| 11:21 | Build | Farm |
| 11:27 | Create | Villager (Male) |
| 11:38 | Create | Villager (Male) |
| 11:40 | Age | Feudal Age |
| 11:43 | Research | Double-Bit Axe |
| 11:54 | Research | Horse Collar |
| 12:05 | Create | Unit 2550 |
| 12:25 | Create | Unit 2550 |
| 12:54 | Research | Tech 1402 |
| 13:10 | Build | Barracks |
| 13:30 | Build | Blacksmith |
| 13:31 | Create | Villager (Male) |
| 13:33 | Create | Villager (Male) |
| 13:47 | Build | Settlement |
| 14:01 | Build | Settlement |
| 14:12 | Create | Unit 2550 |
| 14:13 | Create | Unit 2550 |
| 14:52 | Build | Farm |
| 14:52 | Build | Farm |
| 14:53 | Build | Farm |
| 15:02 | Create | Villager (Male) |
| 15:27 | Create | Villager (Male) |
| 15:27 | Create | Villager (Male) |
| 15:50 | Create | Villager (Male) |
| 15:54 | Build | Farm |
| 15:55 | Build | Farm |
| 15:55 | Build | Farm |
| 16:08 | Build | Farm |
| 16:16 | Create | Unit 2550 |
| 16:16 | Create | Unit 2550 |
| 16:17 | Create | Unit 2550 |
| 16:54 | Create | Unit 2550 |
| 16:55 | Create | Unit 2550 |
| 16:55 | Create | Unit 2550 |
| 16:59 | Build | Farm |
| 17:00 | Create | Villager (Male) |
| 17:00 | Create | Villager (Male) |
| 17:05 | Build | Farm |
| 17:06 | Build | Farm |
| 17:06 | Build | Farm |
| 17:15 | Build | Farm |
| 17:17 | Create | Villager (Male) |
| 17:32 | Create | Unit 2550 |
| 18:16 | Create | Unit 2550 ×5 |
| 18:28 | Build | Outpost |
| 18:45 | Build | Barracks |
| 18:46 | Create | Villager (Male) |
| 19:17 | Create | Unit 2550 |
| 19:17 | Create | Unit 2550 |
| 19:18 | Create | Unit 2550 |
| 19:18 | Create | Unit 2550 |
| 19:19 | Create | Villager (Male) |
| 19:21 | Create | Villager (Male) |
| 19:21 | Create | Villager (Male) |
| 19:26 | Build | Farm |
| 19:27 | Build | Farm |
| 19:37 | Research | Scale Mail Armor |
| 19:44 | Research | Forging |
| 19:50 | Build | Farm |
| 20:05 | Create | Unit 2550 ×2 |
| 20:15 | Create | Villager (Male) |
| 20:15 | Create | Villager (Male) |
| 21:06 | Create | Villager (Male) |
| 21:10 | Build | Farm |
| 21:10 | Create | Villager (Male) |
| 21:11 | Create | Villager (Male) |
| 21:30 | Create | Villager (Male) |
| 21:30 | Create | Villager (Male) |
| 21:35 | Build | Farm |
| 21:50 | Create | Villager (Male) |
| 21:58 | Create | Unit 2550 ×5 |
| 21:58 | Create | Unit 2550 ×4 |
| 22:02 | Build | Farm |
| 22:14 | Build | Farm |
| 22:15 | Build | Farm |
| 22:20 | Build | Farm |
| 22:23 | Build | Farm |
| 22:24 | Create | Villager (Male) |
| 22:26 | Build | Farm |
| 23:10 | Build | Farm |
| 23:29 | Build | Market |
| 23:33 | Create | Villager (Male) |
| 24:22 | Build | Farm |
| 24:23 | Build | Farm |
| 24:23 | Build | Farm |
| 24:49 | Research | Castle Age |
| 25:43 | Create | Villager (Male) |
| 26:21 | Create | Villager (Male) |
| 26:36 | Build | Settlement |
| 26:41 | Create | Villager (Male) |
| 27:29 | Age | Castle Age |
| 27:42 | Research | Tech 1351 |
| 27:44 | Research | Squires |
| 27:56 | Research | Chain Mail Armor |
| 27:56 | Research | Iron Casting |
| 27:58 | Create | Villager (Male) |
| 27:58 | Create | Villager (Male) |
| 28:04 | Research | Heavy Plow |
| 28:07 | Research | Bow Saw |
| 28:10 | Create | Villager (Male) |
| 28:21 | Create | Unit 2550 ×5 |
| 28:21 | Create | Unit 2550 ×5 |
| 28:22 | Create | Unit 2550 ×5 |
Build order — DancingSword
First 150 of 186 actions detected
| 0:03 | Create | Villager (Male) |
| 0:03 | Create | Villager (Male) |
| 0:03 | Create | Villager (Male) |
| 0:04 | Create | Villager (Male) |
| 0:05 | Build | House |
| 1:11 | Build | Palisade Wall |
| 1:28 | Build | House |
| 1:44 | Create | Villager (Male) |
| 2:04 | Research | Loom |
| 2:04 | Research | Loom |
| 2:23 | Create | Villager (Male) |
| 3:03 | Create | Villager (Male) |
| 3:26 | Create | Villager (Male) |
| 3:37 | Create | Villager (Male) |
| 4:02 | Build | Palisade Wall |
| 4:14 | Build | House |
| 4:17 | Create | Villager (Male) |
| 4:38 | Build | Palisade Gate |
| 4:43 | Build | House |
| 4:45 | Create | Villager (Male) |
| 5:22 | Create | Villager (Male) |
| 5:56 | Build | Palisade Wall |
| 5:59 | Create | Villager (Male) |
| 6:03 | Create | Villager (Male) |
| 6:29 | Build | Settlement |
| 6:38 | Create | Villager (Male) |
| 7:19 | Create | Villager (Male) |
| 7:26 | Build | Settlement |
| 7:41 | Create | Villager (Male) |
| 7:59 | Build | Settlement |
| 8:09 | Create | Villager (Male) |
| 8:22 | Create | Villager (Male) |
| 8:27 | Create | Villager (Male) |
| 8:50 | Create | Villager (Male) |
| 8:50 | Create | Villager (Male) |
| 8:59 | Create | Villager (Male) |
| 9:57 | Create | Villager (Male) |
| 9:58 | Create | Villager (Male) |
| 10:14 | Build | Settlement |
| 10:58 | Research | Feudal Age |
| 11:31 | Build | Settlement |
| 11:43 | Build | House |
| 13:10 | Create | Villager (Male) |
| 13:15 | Age | Feudal Age |
| 13:28 | Create | Villager (Male) |
| 13:28 | Create | Villager (Male) |
| 13:37 | Build | Watch Tower |
| 13:47 | Create | Villager (Male) |
| 14:16 | Create | Skirmisher |
| 14:17 | Create | Skirmisher |
| 14:32 | Create | Skirmisher |
| 14:33 | Create | Skirmisher |
| 14:33 | Create | Skirmisher |
| 14:38 | Create | Skirmisher |
| 14:38 | Create | Skirmisher |
| 14:48 | Create | Villager (Male) |
| 16:00 | Build | Watch Tower |
| 16:25 | Create | Villager (Male) |
| 16:53 | Build | Watch Tower |
| 16:55 | Create | Villager (Male) |
| 16:56 | Create | Villager (Male) |
| 16:56 | Create | Villager (Male) |
| 17:08 | Create | Skirmisher |
| 17:08 | Create | Skirmisher |
| 17:09 | Create | Skirmisher |
| 17:10 | Create | Skirmisher |
| 17:10 | Create | Skirmisher |
| 17:51 | Build | Stone Wall |
| 17:53 | Build | Stone Wall |
| 18:25 | Create | Villager (Male) |
| 18:25 | Create | Villager (Male) |
| 19:11 | Build | Watch Tower |
| 19:38 | Build | Gate |
| 19:42 | Build | Stone Wall |
| 20:05 | Build | Watch Tower |
| 20:16 | Create | Villager (Male) |
| 20:16 | Create | Villager (Male) |
| 20:33 | Build | Gate |
| 20:40 | Build | House |
| 20:43 | Build | Stone Wall |
| 21:02 | Build | Settlement |
| 21:15 | Build | Farm |
| 21:16 | Build | Farm |
| 21:18 | Build | Farm |
| 21:56 | Build | Gate |
| 22:02 | Build | Stone Wall |
| 22:22 | Create | Villager (Male) |
| 22:25 | Build | Farm |
| 22:26 | Build | Farm |
| 22:28 | Create | Villager (Male) |
| 22:45 | Build | Gate |
| 23:46 | Build | House |
| 24:13 | Build | Farm |
| 24:14 | Build | Farm |
| 24:30 | Create | Villager (Male) |
| 24:31 | Create | Villager (Male) |
| 24:58 | Build | Barracks |
| 25:01 | Build | House |
| 25:03 | Build | House |
| 25:09 | Build | Farm |
| 25:21 | Build | House |
| 25:38 | Build | Farm |
| 26:01 | Create | Villager (Male) |
| 26:02 | Create | Villager (Male) |
| 26:03 | Create | Villager (Male) |
| 26:17 | Build | Watch Tower |
| 26:42 | Build | House |
| 26:45 | Build | House |
| 26:57 | Build | House |
| 27:13 | Build | Palisade Gate |
| 27:20 | Build | Palisade Gate |
| 27:37 | Build | House |
| 27:52 | Create | Villager (Male) |
| 27:52 | Create | Villager (Male) |
| 27:53 | Create | Villager (Male) |
| 28:04 | Build | House |
| 28:21 | Build | Stone Wall |
| 28:32 | Create | Villager (Male) |
| 28:35 | Build | Farm |
| 29:20 | Build | Stone Wall |
| 29:23 | Build | Stone Wall |
| 29:28 | Build | Stone Wall |
| 29:30 | Build | Stone Wall |
| 29:33 | Create | Villager (Male) |
| 29:40 | Build | Blacksmith |
| 30:23 | Create | Villager (Male) |
| 30:23 | Create | Villager (Male) |
| 30:31 | Build | Market |
| 30:36 | Build | House |
| 30:37 | Build | House |
| 30:47 | Create | Villager (Male) |
| 30:48 | Create | Villager (Male) |
| 30:58 | Build | Gate |
| 31:09 | Build | Settlement |
| 31:17 | Create | Villager (Male) |
| 31:22 | Build | Farm |
| 32:44 | Create | Villager (Male) |
| 33:15 | Build | Farm |
| 33:23 | Research | Castle Age |
| 33:56 | Create | Villager (Male) |
| 33:57 | Create | Villager (Male) |
| 34:24 | Build | Farm |
| 34:25 | Build | Farm |
| 34:28 | Build | Farm |
| 34:31 | Build | Farm |
| 34:44 | Research | Double-Bit Axe |
| 34:44 | Research | Horse Collar |
| 34:48 | Research | Horse Collar |
| 34:48 | Research | Horse Collar |
| 36:03 | Age | Castle Age |
Build order — RenRen
First 150 of 199 actions detected
| 0:02 | Create | Villager (Male) |
| 0:03 | Build | House |
| 0:12 | Build | Barracks |
| 0:57 | Create | Unit 2550 |
| 0:57 | Create | Unit 2550 |
| 1:00 | Create | Unit 2550 |
| 1:24 | Create | Villager (Male) |
| 2:08 | Create | Villager (Male) |
| 2:40 | Create | Unit 2550 |
| 2:46 | Create | Villager (Male) |
| 3:24 | Create | Villager (Male) |
| 3:57 | Create | Villager (Male) |
| 4:13 | Create | Unit 2550 |
| 4:37 | Create | Villager (Male) |
| 5:20 | Create | Villager (Male) |
| 5:39 | Create | Villager (Male) |
| 6:00 | Create | Villager (Male) |
| 6:18 | Create | Villager (Male) |
| 6:51 | Create | Villager (Male) |
| 7:04 | Build | House |
| 7:23 | Create | Villager (Male) |
| 8:43 | Create | Villager (Male) |
| 9:51 | Build | Settlement |
| 10:42 | Research | Feudal Age |
| 10:46 | Research | Loom |
| 11:52 | Create | Villager (Male) |
| 11:53 | Create | Villager (Male) |
| 11:57 | Create | Unit 2550 |
| 11:58 | Create | Unit 2550 |
| 12:50 | Create | Unit 2550 |
| 12:52 | Age | Feudal Age |
| 13:04 | Create | Villager (Male) |
| 13:20 | Research | Tech 1402 |
| 13:46 | Create | Villager (Male) |
| 14:37 | Build | Watch Tower |
| 14:41 | Create | Villager (Male) |
| 14:41 | Create | Villager (Male) |
| 14:49 | Build | Settlement |
| 14:54 | Create | Villager (Male) |
| 15:09 | Create | Unit 2550 |
| 15:09 | Create | Unit 2550 |
| 16:15 | Create | Villager (Male) |
| 16:15 | Create | Villager (Male) |
| 16:16 | Create | Villager (Male) |
| 17:17 | Create | Villager (Male) |
| 17:17 | Create | Villager (Male) |
| 17:27 | Build | Barracks |
| 17:45 | Build | Farm |
| 17:48 | Build | Farm |
| 17:51 | Build | Farm |
| 17:53 | Create | Villager (Male) |
| 18:13 | Create | Unit 2550 |
| 18:24 | Create | Villager (Male) |
| 18:24 | Create | Villager (Male) |
| 18:44 | Create | Unit 2550 |
| 19:09 | Build | Farm |
| 19:09 | Build | Farm |
| 19:10 | Build | Farm |
| 19:10 | Build | Farm |
| 19:10 | Build | Farm |
| 19:18 | Build | Farm |
| 19:31 | Create | Unit 2550 |
| 19:32 | Create | Unit 2550 |
| 20:03 | Create | Villager (Male) |
| 20:14 | Build | Farm |
| 20:19 | Build | Farm |
| 21:13 | Create | Villager (Male) |
| 21:18 | Create | Unit 2550 |
| 21:18 | Create | Unit 2550 |
| 21:32 | Create | Villager (Male) |
| 22:48 | Build | Farm |
| 22:49 | Build | Farm |
| 22:55 | Create | Unit 2550 |
| 22:55 | Create | Unit 2550 |
| 23:09 | Build | Blacksmith |
| 23:11 | Build | House |
| 23:12 | Build | House |
| 23:13 | Build | House |
| 23:28 | Create | Unit 2550 |
| 23:35 | Create | Villager (Male) |
| 24:02 | Create | Villager (Male) |
| 24:02 | Create | Villager (Male) |
| 24:23 | Create | Villager (Male) |
| 24:31 | Build | Farm |
| 24:32 | Build | Farm |
| 24:33 | Build | Farm |
| 24:34 | Build | Farm |
| 24:37 | Build | Farm |
| 24:39 | Create | Villager (Male) |
| 24:39 | Create | Villager (Male) |
| 24:44 | Research | Loom |
| 25:26 | Build | Settlement |
| 25:33 | Build | Farm |
| 25:39 | Research | Double-Bit Axe |
| 26:02 | Create | Unit 2550 ×5 |
| 26:06 | Create | Unit 2550 ×3 |
| 26:24 | Build | Farm |
| 26:24 | Build | Farm |
| 26:29 | Create | Villager (Male) |
| 26:30 | Create | Villager (Male) |
| 27:16 | Create | Villager (Male) |
| 27:16 | Create | Villager (Male) |
| 27:19 | Build | Farm |
| 27:56 | Create | Unit 2550 |
| 27:57 | Create | Unit 2550 |
| 28:00 | Create | Villager (Male) |
| 28:00 | Create | Villager (Male) |
| 28:03 | Build | Farm |
| 28:04 | Build | Farm |
| 28:48 | Create | Villager (Male) |
| 28:51 | Create | Unit 2550 |
| 29:07 | Build | Gate |
| 29:11 | Build | Stone Wall |
| 29:20 | Build | Gate |
| 29:23 | Build | Stone Wall |
| 29:58 | Create | Villager (Male) |
| 29:59 | Create | Villager (Male) |
| 30:04 | Build | Market |
| 30:08 | Build | Blacksmith |
| 30:38 | Create | Villager (Male) |
| 30:44 | Build | Farm |
| 30:50 | Research | Castle Age |
| 31:33 | Create | Unit 2550 |
| 31:33 | Create | Unit 2550 |
| 31:43 | Build | Barracks |
| 32:07 | Create | Unit 2550 |
| 32:08 | Create | Unit 2550 |
| 32:26 | Create | Villager (Male) |
| 32:27 | Create | Villager (Male) |
| 32:30 | Build | Farm |
| 32:30 | Build | Farm |
| 32:31 | Build | Farm |
| 32:33 | Research | Forging |
| 32:34 | Research | Scale Mail Armor |
| 32:50 | Build | House |
| 32:51 | Build | House |
| 32:52 | Build | House |
| 32:53 | Build | House |
| 33:00 | Research | Arson |
| 33:01 | Create | Unit 2550 |
| 33:01 | Create | Unit 2550 |
| 33:04 | Build | Barracks |
| 33:06 | Build | Barracks |
| 33:18 | Build | Farm |
| 33:21 | Research | Wheelbarrow |
| 33:25 | Create | Villager (Male) |
| 33:32 | Create | Unit 2550 |
| 33:53 | Create | Unit 2550 |
| 33:53 | Age | Castle Age |
| 33:54 | Create | Unit 2550 |
Build order — 我种田你顶住
First 150 of 387 actions detected
| 0:02 | Create | Villager (Male) |
| 0:03 | Create | Villager (Male) |
| 0:04 | Build | House |
| 0:05 | Build | House |
| 0:05 | Create | Villager (Male) |
| 0:06 | Create | Villager (Male) |
| 1:14 | Create | Villager (Male) |
| 1:14 | Create | Villager (Male) |
| 1:35 | Create | Villager (Male) |
| 1:48 | Build | Lumber Camp |
| 1:59 | Create | Villager (Male) |
| 2:30 | Create | Villager (Male) |
| 2:54 | Create | Villager (Male) |
| 2:54 | Create | Villager (Male) |
| 3:07 | Create | Villager (Male) |
| 3:27 | Build | House |
| 3:28 | Build | House |
| 3:37 | Create | Villager (Male) |
| 4:08 | Create | Villager (Male) |
| 4:09 | Create | Villager (Male) |
| 4:09 | Create | Villager (Male) |
| 4:39 | Create | Villager (Male) |
| 4:59 | Create | Villager (Male) |
| 4:59 | Create | Villager (Male) |
| 4:59 | Create | Villager (Male) |
| 5:05 | Build | Mill |
| 5:59 | Create | Villager (Male) |
| 5:59 | Create | Villager (Male) |
| 6:39 | Create | Villager (Male) |
| 6:53 | Create | Villager (Male) |
| 8:06 | Build | Mining Camp |
| 8:27 | Research | Feudal Age |
| 8:27 | Research | Feudal Age |
| 9:00 | Build | Mill |
| 10:06 | Create | Villager (Male) |
| 10:07 | Create | Villager (Male) |
| 10:37 | Age | Feudal Age |
| 10:49 | Build | Market |
| 11:16 | Build | Blacksmith |
| 11:44 | Research | Castle Age |
| 11:44 | Research | Castle Age |
| 12:06 | Research | Double-Bit Axe |
| 14:20 | Build | House |
| 14:22 | Build | House |
| 14:24 | Age | Castle Age |
| 14:25 | Research | Loom |
| 14:26 | Create | Villager (Male) |
| 14:26 | Create | Villager (Male) |
| 14:29 | Build | Town Center |
| 14:43 | Create | Villager (Male) |
| 14:43 | Create | Villager (Male) |
| 14:57 | Research | Bow Saw |
| 15:26 | Build | Town Center |
| 15:32 | Create | Villager (Male) |
| 15:32 | Create | Villager (Male) |
| 15:33 | Create | Villager (Male) |
| 15:56 | Create | Villager (Male) |
| 16:04 | Research | Horse Collar |
| 16:37 | Create | Villager (Male) |
| 16:37 | Create | Villager (Male) |
| 16:43 | Build | Town Center |
| 16:46 | Create | Villager (Male) |
| 16:50 | Build | Farm |
| 16:53 | Build | Farm |
| 16:58 | Build | House |
| 17:00 | Build | House |
| 17:01 | Build | House |
| 17:05 | Create | Villager (Male) |
| 17:05 | Create | Villager (Male) |
| 17:28 | Build | Farm |
| 17:30 | Build | Farm |
| 17:31 | Build | Farm |
| 17:32 | Build | Farm |
| 17:33 | Create | Villager (Male) |
| 17:34 | Create | Villager (Male) |
| 17:35 | Create | Villager (Male) |
| 17:35 | Create | Villager (Male) |
| 17:36 | Create | Villager (Male) |
| 17:36 | Create | Villager (Male) |
| 17:48 | Create | Villager (Male) |
| 17:54 | Build | Farm |
| 17:56 | Build | Farm |
| 18:10 | Build | Farm |
| 18:20 | Build | Farm |
| 18:21 | Create | Villager (Male) |
| 18:21 | Create | Villager (Male) |
| 18:26 | Build | Farm |
| 18:33 | Build | Farm |
| 18:34 | Build | Farm |
| 18:38 | Create | Villager (Male) |
| 18:38 | Create | Villager (Male) |
| 18:41 | Create | Villager (Male) |
| 18:53 | Build | Farm |
| 18:59 | Create | Villager (Male) |
| 19:07 | Create | Villager (Male) |
| 19:07 | Create | Villager (Male) |
| 19:10 | Create | Villager (Male) |
| 19:12 | Build | Farm |
| 19:16 | Build | Farm |
| 19:20 | Create | Villager (Male) |
| 19:20 | Create | Villager (Male) |
| 19:20 | Create | Villager (Male) |
| 19:22 | Build | Farm |
| 19:26 | Build | Farm |
| 19:31 | Create | Villager (Male) |
| 19:31 | Create | Villager (Male) |
| 19:38 | Create | Villager (Male) |
| 19:41 | Create | Villager (Male) |
| 19:44 | Create | Villager (Male) |
| 19:54 | Build | Farm |
| 19:57 | Build | Farm |
| 19:59 | Build | Farm |
| 20:00 | Create | Villager (Male) |
| 20:00 | Create | Villager (Male) |
| 20:04 | Build | Farm |
| 20:07 | Build | Farm |
| 20:07 | Create | Villager (Male) |
| 20:09 | Create | Villager (Male) |
| 20:16 | Create | Villager (Male) |
| 20:16 | Create | Villager (Male) |
| 21:03 | Create | Villager (Male) |
| 21:03 | Create | Villager (Male) |
| 21:03 | Create | Villager (Male) |
| 21:03 | Create | Villager (Male) |
| 21:04 | Create | Villager (Male) |
| 21:04 | Create | Villager (Male) |
| 21:06 | Build | House |
| 21:07 | Build | House |
| 21:08 | Build | House |
| 21:28 | Research | Wheelbarrow |
| 21:34 | Create | Villager (Male) |
| 21:52 | Create | Villager (Male) |
| 21:52 | Create | Villager (Male) |
| 21:52 | Create | Villager (Male) |
| 22:07 | Build | House |
| 22:08 | Build | House |
| 22:16 | Create | Villager (Male) |
| 22:16 | Create | Villager (Male) |
| 22:23 | Build | House |
| 22:26 | Build | House |
| 22:29 | Create | Villager (Male) |
| 22:44 | Build | Castle |
| 23:01 | Create | Villager (Male) |
| 23:01 | Create | Villager (Male) |
| 23:01 | Create | Villager (Male) |
| 23:20 | Build | Mill |
| 23:21 | Build | Farm |
| 23:21 | Build | Farm |
| 23:21 | Build | Farm |
| 23:21 | Build | Farm |
Build order — wwwguezzwww
First 150 of 278 actions detected
| 0:00 | Create | Villager (Male) |
| 0:00 | Create | Villager (Male) |
| 0:01 | Create | Villager (Male) |
| 0:01 | Create | Villager (Male) |
| 0:01 | Create | Villager (Male) |
| 0:03 | Build | House |
| 0:04 | Build | House |
| 1:28 | Create | Villager (Male) |
| 2:02 | Build | Lumber Camp |
| 2:26 | Create | Villager (Male) |
| 2:26 | Create | Villager (Male) |
| 3:12 | Create | Villager (Male) |
| 3:13 | Create | Villager (Male) |
| 3:44 | Create | Villager (Male) |
| 4:32 | Create | Villager (Male) |
| 4:32 | Create | Villager (Male) |
| 4:49 | Build | Mill |
| 5:01 | Build | House |
| 5:03 | Build | House |
| 5:19 | Create | Villager (Male) |
| 5:51 | Create | Villager (Male) |
| 5:51 | Create | Villager (Male) |
| 5:51 | Create | Villager (Male) |
| 5:51 | Create | Villager (Male) |
| 6:18 | Build | Farm |
| 6:22 | Create | Villager (Male) |
| 6:49 | Build | Farm |
| 7:15 | Create | Villager (Male) |
| 7:55 | Create | Villager (Male) |
| 8:18 | Create | Villager (Male) |
| 8:19 | Create | Villager (Male) |
| 8:37 | Build | Mining Camp |
| 8:55 | Research | Loom |
| 9:05 | Research | Feudal Age |
| 9:12 | Create | Villager (Male) |
| 9:19 | Create | Villager (Male) |
| 10:34 | Create | Villager (Male) |
| 10:55 | Build | Mining Camp |
| 11:22 | Age | Feudal Age |
| 12:05 | Build | House |
| 12:15 | Build | House |
| 12:16 | Build | House |
| 12:17 | Build | House |
| 12:30 | Build | Market |
| 12:52 | Build | Blacksmith |
| 13:37 | Create | Villager (Male) |
| 13:38 | Create | Villager (Male) |
| 13:39 | Create | Villager (Male) |
| 13:49 | Research | Double-Bit Axe |
| 14:20 | Build | Farm |
| 14:22 | Research | Castle Age |
| 14:26 | Build | Farm |
| 14:27 | Build | Farm |
| 14:28 | Build | Farm |
| 14:34 | Build | Farm |
| 14:36 | Create | Villager (Male) |
| 14:36 | Create | Villager (Male) |
| 15:23 | Create | Villager (Male) |
| 15:23 | Create | Villager (Male) |
| 17:07 | Age | Castle Age |
| 17:20 | Build | Town Center |
| 17:30 | Build | Town Center |
| 17:35 | Create | Villager (Male) |
| 17:40 | Research | Horse Collar |
| 18:09 | Build | Siege Workshop |
| 18:43 | Build | Lumber Camp |
| 18:47 | Create | Villager (Male) |
| 18:56 | Create | Villager (Male) |
| 19:11 | Build | Farm |
| 19:12 | Build | Farm |
| 19:16 | Build | Farm |
| 19:19 | Build | Farm |
| 19:24 | Build | Farm |
| 19:30 | Create | Villager (Male) |
| 19:30 | Create | Villager (Male) |
| 19:31 | Create | Villager (Male) |
| 19:31 | Create | Villager (Male) |
| 19:48 | Create | Battering Ram |
| 19:56 | Build | Farm |
| 19:59 | Create | Villager (Male) |
| 20:01 | Create | Villager (Male) |
| 20:28 | Create | Villager (Male) |
| 20:29 | Create | Villager (Male) |
| 20:29 | Create | Villager (Male) |
| 20:29 | Create | Villager (Male) |
| 20:29 | Create | Villager (Male) |
| 20:29 | Create | Villager (Male) |
| 20:44 | Create | Battering Ram |
| 20:50 | Research | Bow Saw |
| 21:06 | Create | Villager (Male) |
| 21:08 | Create | Villager (Male) |
| 21:11 | Research | Wheelbarrow |
| 21:15 | Build | Farm |
| 22:15 | Create | Villager (Male) |
| 22:15 | Create | Villager (Male) |
| 22:15 | Create | Villager (Male) |
| 22:16 | Create | Villager (Male) |
| 22:21 | Build | Monastery |
| 22:31 | Build | Castle |
| 22:45 | Create | Battering Ram |
| 22:53 | Research | Heavy Plow |
| 22:55 | Create | Villager (Male) |
| 22:55 | Create | Villager (Male) |
| 22:56 | Create | Villager (Male) |
| 23:01 | Build | Mill |
| 23:02 | Build | Farm |
| 23:02 | Build | Farm |
| 23:02 | Build | Farm |
| 23:02 | Build | Farm |
| 23:03 | Build | Farm |
| 23:03 | Build | Farm |
| 23:07 | Build | House |
| 23:09 | Build | House |
| 23:09 | Build | House |
| 23:11 | Build | House |
| 23:15 | Build | House |
| 23:17 | Build | House |
| 24:06 | Build | Castle |
| 25:10 | Create | Villager (Male) |
| 25:11 | Create | Villager (Male) |
| 25:11 | Create | Villager (Male) |
| 25:11 | Create | Villager (Male) |
| 25:15 | Build | Farm |
| 25:15 | Build | Farm |
| 25:15 | Build | Farm |
| 25:16 | Build | Farm |
| 25:16 | Build | Farm |
| 25:17 | Build | Farm |
| 25:20 | Create | Villager (Male) |
| 25:20 | Create | Villager (Male) |
| 25:20 | Create | Villager (Male) |
| 25:20 | Create | Villager (Male) |
| 25:21 | Create | Villager (Male) |
| 25:42 | Create | Villager (Male) |
| 25:42 | Create | Villager (Male) |
| 25:42 | Create | Villager (Male) |
| 25:47 | Create | Monk |
| 26:06 | Create | Battering Ram |
| 26:07 | Create | Battering Ram |
| 26:23 | Build | Farm |
| 26:23 | Build | Farm |
| 26:23 | Build | Farm |
| 26:27 | Build | Farm |
| 26:27 | Build | Farm |
| 26:28 | Build | Farm |
| 26:28 | Build | Farm |
| 26:29 | Build | Farm |
| 26:35 | Create | Villager (Male) |
| 26:36 | Create | Villager (Male) |
| 26:36 | Create | Villager (Male) |
Build order — ZN
First 150 of 496 actions detected
| 0:01 | Create | Villager (Male) |
| 0:02 | Create | Villager (Male) |
| 0:03 | Build | House |
| 0:04 | Build | House |
| 0:22 | Create | Villager (Male) |
| 0:22 | Create | Villager (Male) |
| 0:22 | Create | Villager (Male) |
| 1:39 | Create | Villager (Male) |
| 1:39 | Create | Villager (Male) |
| 1:45 | Build | Lumber Camp |
| 2:13 | Create | Villager (Male) |
| 2:13 | Create | Villager (Male) |
| 2:42 | Create | Villager (Male) |
| 2:42 | Create | Villager (Male) |
| 2:43 | Create | Villager (Male) |
| 2:49 | Build | Palisade Wall |
| 2:55 | Build | Palisade Gate |
| 3:06 | Build | Palisade Gate |
| 3:12 | Build | Palisade Wall |
| 3:16 | Build | Palisade Wall |
| 3:21 | Build | Palisade Wall |
| 3:23 | Build | Palisade Wall |
| 3:36 | Build | House |
| 3:39 | Create | Villager (Male) |
| 3:40 | Create | Villager (Male) |
| 3:40 | Create | Villager (Male) |
| 3:46 | Create | Villager (Male) |
| 3:47 | Create | Villager (Male) |
| 3:55 | Build | House |
| 4:02 | Create | Villager (Male) |
| 4:03 | Create | Villager (Male) |
| 4:37 | Create | Villager (Male) |
| 4:52 | Build | House |
| 5:07 | Create | Villager (Male) |
| 5:08 | Create | Villager (Male) |
| 5:24 | Build | Mill |
| 5:52 | Create | Villager (Male) |
| 5:52 | Create | Villager (Male) |
| 6:03 | Create | Villager (Male) |
| 6:43 | Create | Villager (Male) |
| 6:44 | Create | Villager (Male) |
| 6:44 | Create | Villager (Male) |
| 6:44 | Create | Villager (Male) |
| 6:48 | Create | Villager (Male) |
| 6:48 | Create | Villager (Male) |
| 6:51 | Create | Villager (Male) |
| 6:51 | Create | Villager (Male) |
| 8:05 | Create | Villager (Male) |
| 8:18 | Research | Feudal Age |
| 8:18 | Research | Feudal Age |
| 8:18 | Research | Feudal Age |
| 8:25 | Build | House |
| 9:16 | Build | House |
| 9:26 | Build | Farm |
| 10:13 | Create | Villager (Male) |
| 10:14 | Create | Villager (Male) |
| 10:29 | Age | Feudal Age |
| 10:37 | Build | Blacksmith |
| 10:42 | Build | Blacksmith |
| 10:48 | Build | Market |
| 10:52 | Create | Villager (Male) |
| 11:42 | Research | Castle Age |
| 12:03 | Research | Double-Bit Axe |
| 12:03 | Research | Double-Bit Axe |
| 12:45 | Build | House |
| 12:50 | Research | Horse Collar |
| 13:43 | Create | Villager (Male) |
| 13:45 | Create | Villager (Male) |
| 13:45 | Create | Villager (Male) |
| 14:07 | Age | Castle Age |
| 14:21 | Create | Villager (Male) |
| 14:25 | Build | Town Center |
| 14:28 | Build | Town Center |
| 14:33 | Create | Villager (Male) |
| 14:41 | Research | Bow Saw |
| 14:54 | Create | Villager (Male) |
| 15:09 | Build | Farm |
| 15:23 | Create | Villager (Male) |
| 15:37 | Build | House |
| 15:38 | Create | Villager (Male) |
| 15:44 | Build | Farm |
| 15:45 | Build | Farm |
| 15:46 | Create | Villager (Male) |
| 15:47 | Create | Villager (Male) |
| 15:47 | Create | Villager (Male) |
| 15:48 | Create | Villager (Male) |
| 15:53 | Create | Villager (Male) |
| 15:54 | Create | Villager (Male) |
| 16:01 | Create | Villager (Male) |
| 16:04 | Build | Farm |
| 16:07 | Build | Farm |
| 16:11 | Build | Farm |
| 16:13 | Build | Farm |
| 16:19 | Build | Farm |
| 16:21 | Create | Villager (Male) |
| 16:31 | Create | Villager (Male) |
| 16:44 | Build | Farm |
| 16:45 | Build | Farm |
| 16:50 | Build | Farm |
| 16:53 | Build | House |
| 16:57 | Build | Farm |
| 16:58 | Create | Villager (Male) |
| 16:58 | Create | Villager (Male) |
| 17:02 | Build | Farm |
| 17:03 | Create | Villager (Male) |
| 17:14 | Build | Farm |
| 17:28 | Build | Farm |
| 17:28 | Create | Villager (Male) |
| 17:29 | Create | Villager (Male) |
| 17:31 | Build | Farm |
| 17:32 | Create | Villager (Male) |
| 17:32 | Create | Villager (Male) |
| 17:32 | Create | Villager (Male) |
| 17:36 | Build | House |
| 17:48 | Build | Farm |
| 17:51 | Build | Farm |
| 17:53 | Build | Farm |
| 17:53 | Create | Villager (Male) |
| 17:53 | Create | Villager (Male) |
| 18:01 | Build | Farm |
| 18:05 | Create | Villager (Male) |
| 18:10 | Build | Farm |
| 18:13 | Build | Farm |
| 18:14 | Create | Villager (Male) |
| 18:14 | Create | Villager (Male) |
| 18:17 | Build | House |
| 18:20 | Create | Villager (Male) |
| 18:21 | Create | Villager (Male) |
| 18:25 | Build | Farm |
| 18:28 | Create | Villager (Male) |
| 18:28 | Create | Villager (Male) |
| 18:32 | Build | Farm |
| 18:37 | Create | Villager (Male) |
| 18:37 | Create | Villager (Male) |
| 18:46 | Create | Villager (Male) |
| 18:46 | Create | Villager (Male) |
| 18:56 | Build | Town Center |
| 18:57 | Create | Villager (Male) |
| 18:57 | Create | Villager (Male) |
| 19:01 | Build | Farm |
| 19:01 | Create | Villager (Male) |
| 19:01 | Create | Villager (Male) |
| 19:07 | Build | House |
| 19:08 | Create | Villager (Male) |
| 19:09 | Create | Villager (Male) |
| 19:13 | Create | Villager (Male) |
| 19:13 | Create | Villager (Male) |
| 19:13 | Create | Villager (Male) |
| 19:18 | Build | Farm |
| 19:25 | Build | Farm |
Build order — 狐月
First 150 of 220 actions detected
| 0:01 | Create | Villager (Male) |
| 0:01 | Create | Villager (Male) |
| 0:03 | Build | House |
| 0:05 | Build | House |
| 0:42 | Create | Villager (Male) |
| 0:42 | Create | Villager (Male) |
| 1:29 | Create | Villager (Male) |
| 1:44 | Create | Villager (Male) |
| 1:53 | Research | Loom |
| 2:06 | Create | Villager (Male) |
| 2:06 | Create | Villager (Male) |
| 2:21 | Create | Villager (Male) |
| 2:26 | Build | Settlement |
| 4:08 | Build | Palisade Wall |
| 4:19 | Create | Villager (Male) |
| 4:19 | Create | Villager (Male) |
| 5:04 | Create | Villager (Male) |
| 5:31 | Create | Villager (Male) |
| 5:52 | Create | Villager (Male) |
| 6:17 | Create | Villager (Male) |
| 6:40 | Create | Villager (Male) |
| 7:15 | Create | Villager (Male) |
| 7:35 | Build | Barracks |
| 7:39 | Create | Villager (Male) |
| 8:00 | Create | Villager (Male) |
| 8:19 | Create | Villager (Male) |
| 8:35 | Build | House |
| 8:37 | Create | Unit 2550 |
| 8:37 | Create | Unit 2550 |
| 9:05 | Create | Unit 2550 |
| 9:20 | Create | Villager (Male) |
| 9:36 | Build | Settlement |
| 9:44 | Create | Villager (Male) |
| 9:58 | Build | House |
| 10:17 | Create | Villager (Male) |
| 10:46 | Build | Settlement |
| 10:51 | Create | Villager (Male) |
| 11:15 | Create | Villager (Male) |
| 11:39 | Create | Villager (Male) |
| 11:56 | Build | Farm |
| 11:58 | Build | Farm |
| 12:02 | Build | Farm |
| 12:07 | Build | Farm |
| 12:08 | Create | Villager (Male) |
| 12:27 | Build | Farm |
| 12:30 | Create | Villager (Male) |
| 12:55 | Build | Farm |
| 12:57 | Create | Villager (Male) |
| 13:32 | Create | Villager (Male) |
| 13:41 | Build | Farm |
| 14:12 | Build | Farm |
| 14:13 | Research | Feudal Age |
| 15:35 | Create | Villager (Male) |
| 16:23 | Age | Feudal Age |
| 16:30 | Build | Watch Tower |
| 16:40 | Build | Outpost |
| 17:03 | Create | Villager (Male) |
| 17:06 | Build | Farm |
| 17:12 | Build | Farm |
| 17:13 | Build | Farm |
| 17:25 | Create | Villager (Male) |
| 17:31 | Build | Archery Range |
| 17:48 | Create | Villager (Male) |
| 18:03 | Create | Villager (Male) |
| 18:10 | Create | Archer |
| 18:10 | Create | Archer |
| 18:11 | Create | Archer |
| 18:16 | Create | Villager (Male) |
| 18:44 | Build | Farm |
| 18:46 | Create | Archer |
| 18:46 | Create | Archer |
| 18:50 | Build | Blacksmith |
| 18:56 | Build | House |
| 18:57 | Build | House |
| 18:58 | Build | House |
| 19:00 | Create | Villager (Male) |
| 19:26 | Create | Archer |
| 19:29 | Create | Villager (Male) |
| 19:36 | Build | Farm |
| 19:42 | Research | Castle Age |
| 19:45 | Build | Farm |
| 19:48 | Research | Fletching |
| 19:49 | Research | Padded Archer Armor |
| 19:52 | Create | Villager (Male) |
| 19:58 | Create | Archer |
| 19:59 | Create | Archer |
| 20:06 | Build | Archery Range |
| 20:34 | Build | Settlement |
| 20:37 | Create | Villager (Male) |
| 20:53 | Create | Villager (Male) |
| 21:01 | Create | Archer |
| 21:02 | Create | Archer |
| 21:17 | Build | House |
| 21:18 | Build | House |
| 21:45 | Create | Archer |
| 21:45 | Create | Archer |
| 22:09 | Create | Archer |
| 22:09 | Create | Archer |
| 22:22 | Age | Castle Age |
| 22:40 | Create | Villager (Male) |
| 22:42 | Research | Crossbowman (upgrade) |
| 22:43 | Research | Bodkin Arrow |
| 22:44 | Research | Leather Archer Armor |
| 22:47 | Build | Farm |
| 22:52 | Create | Villager (Male) |
| 22:57 | Research | Gold Mining |
| 23:07 | Research | Double-Bit Axe |
| 23:43 | Create | Villager (Male) |
| 23:44 | Create | Archer |
| 23:44 | Create | Archer |
| 24:04 | Create | Archer |
| 24:04 | Create | Archer |
| 24:05 | Create | Archer |
| 24:07 | Create | Villager (Male) |
| 24:07 | Create | Villager (Male) |
| 24:52 | Create | Villager (Male) |
| 25:15 | Create | Villager (Male) |
| 26:01 | Create | Archer |
| 26:02 | Create | Archer |
| 26:02 | Create | Archer |
| 26:03 | Create | Archer |
| 26:03 | Create | Archer |
| 26:12 | Create | Villager (Male) |
| 26:13 | Create | Archer |
| 26:14 | Create | Archer |
| 26:42 | Build | Outpost |
| 26:46 | Create | Villager (Male) |
| 26:47 | Create | Archer |
| 26:48 | Create | Archer |
| 26:48 | Create | Archer |
| 26:49 | Create | Villager (Male) |
| 26:49 | Create | Villager (Male) |
| 27:14 | Build | Outpost |
| 27:16 | Create | Villager (Male) |
| 27:20 | Create | Villager (Male) |
| 27:42 | Create | Villager (Male) |
| 27:43 | Create | Villager (Male) |
| 27:58 | Create | Archer |
| 27:58 | Create | Archer |
| 28:07 | Build | House |
| 28:08 | Build | House |
| 28:08 | Build | House |
| 28:09 | Build | House |
| 28:09 | Build | House |
| 28:22 | Build | University |
| 28:26 | Build | Monastery |
| 28:29 | Research | Bow Saw |
| 28:55 | Create | Archer |
| 28:55 | Create | Archer |
| 28:56 | Create | Archer |
Match timeline
| 0:12 | RenRen · first_building Barracks |
| 1:03 | Tipsta · wall_segment Palisade Wall x24 |
| 1:11 | DancingSword · wall_segment Palisade Wall x9 |
| 2:49 | ZN · wall_segment Palisade Wall x1 |
| 2:57 | Tipsta · wall_segment Palisade Wall x1 |
| 3:12 | ZN · wall_segment Palisade Wall x1 |
| 3:16 | ZN · wall_segment Palisade Wall x1 |
| 3:21 | ZN · wall_segment Palisade Wall x1 |
| 3:23 | ZN · wall_segment Palisade Wall x1 |
| 3:56 | Tipsta · wall_segment Palisade Wall x1 |
| 4:02 | DancingSword · wall_segment Palisade Wall x7 |
| 4:05 | Tipsta · wall_segment Palisade Wall x1 |
| 4:06 | Tipsta · wall_segment Palisade Wall x1 |
| 4:08 | 狐月 · wall_segment Palisade Wall x1 |
| 4:54 | Tipsta · wall_segment Palisade Wall x1 |
| 5:10 | Tipsta · wall_segment Palisade Wall x1 |
| 5:56 | DancingSword · wall_segment Palisade Wall x11 |
| 7:35 | 狐月 · first_building Barracks |
| 8:32 | ATM_おれあぽ · first_building Barracks |
| 10:29 | ZN · age_up feudal |
| 10:37 | 我种田你顶住 · age_up feudal |
| 11:22 | wwwguezzwww · age_up feudal |
| 11:40 | ATM_おれあぽ · age_up feudal |
| 11:40 | ZN · first_market_sell 100 wood |
| 12:52 | RenRen · age_up feudal |
| 13:15 | DancingSword · age_up feudal |
| 14:07 | ZN · age_up castle |
| 14:24 | 我种田你顶住 · age_up castle |
| 15:26 | Tipsta · age_up feudal |
| 15:38 | Tipsta · wall_segment Stone Wall x11 |
| 15:43 | Tipsta · wall_segment Stone Wall x7 |
| 15:54 | Tipsta · wall_segment Stone Wall x2 |
| 15:56 | Tipsta · wall_segment Stone Wall x2 |
| 16:00 | Tipsta · wall_segment Stone Wall x2 |
| 16:23 | 狐月 · age_up feudal |
| 17:07 | wwwguezzwww · age_up castle |
| 17:31 | 狐月 · first_building Archery Range |
| 17:51 | DancingSword · wall_segment Stone Wall x7 |
| 17:53 | DancingSword · wall_segment Stone Wall x1 |
| 18:00 | wwwguezzwww · first_market_buy 100 wood |
| 18:09 | wwwguezzwww · first_building Siege Workshop |
| 19:19 | 我种田你顶住 · first_market_buy 100 food |
| 19:42 | DancingSword · wall_segment Stone Wall x6 |
| 20:43 | DancingSword · wall_segment Stone Wall x1 |
| 21:24 | Tipsta · wall_segment Stone Wall x10 |
| 21:25 | ZN · first_building Monastery |
| 21:29 | Tipsta · wall_segment Stone Wall x15 |
| 22:02 | DancingSword · wall_segment Stone Wall x3 |
| 22:04 | Tipsta · wall_segment Stone Wall x1 |
| 22:14 | Tipsta · wall_segment Stone Wall x1 |
| 22:21 | wwwguezzwww · first_building Monastery |
| 22:22 | 狐月 · age_up castle |
| 22:31 | wwwguezzwww · first_building Castle |
| 22:44 | 我种田你顶住 · first_building Castle |
| 22:46 | Tipsta · wall_segment Stone Wall x1 |
| 22:55 | Tipsta · wall_segment Stone Wall x10 |
| 23:06 | Tipsta · wall_segment Stone Wall x2 |
| 23:57 | Tipsta · age_up castle |
| 24:02 | Tipsta · wall_segment Stone Wall x1 |
| 24:10 | ZN · first_building Barracks |
| 24:58 | DancingSword · first_building Barracks |
| 25:02 | ZN · first_building Stable |
| 25:17 | Tipsta · first_market_buy 100 stone |
| 25:30 | Tipsta · first_building Castle |
| 26:54 | ZN · first_building Castle |
| 27:12 | ZN · age_up imperial |
| 27:29 | ATM_おれあぽ · age_up castle |
| 27:32 | wwwguezzwww · first_building Barracks |
| 27:58 | Tipsta · first_market_sell 100 food |
| 28:21 | DancingSword · wall_segment Stone Wall x1 |
| 28:26 | 狐月 · first_building Monastery |
| 28:32 | wwwguezzwww · first_market_sell 500 food |
| 28:39 | 我种田你顶住 · first_building Barracks |
| 29:11 | RenRen · wall_segment Stone Wall x5 |
| 29:20 | DancingSword · wall_segment Stone Wall x1 |
| 29:23 | DancingSword · wall_segment Stone Wall x5 |
| 29:23 | RenRen · wall_segment Stone Wall x8 |
| 29:28 | DancingSword · wall_segment Stone Wall x3 |
| 29:30 | DancingSword · wall_segment Stone Wall x1 |
| 29:37 | 我种田你顶住 · first_building Archery Range |
| 29:56 | 我种田你顶住 · tribute_sent a jugador 1 |
| 29:56 | 我种田你顶住 · tribute_sent a jugador 2 |
| 29:56 | 我种田你顶住 · tribute_sent a jugador 3 |
| 29:56 | 我种田你顶住 · tribute_sent a jugador 4 |
| 29:56 | 我种田你顶住 · tribute_sent a jugador 6 |
| 29:56 | 我种田你顶住 · tribute_sent a jugador 7 |
| 29:56 | 我种田你顶住 · tribute_sent a jugador 8 |
| 29:59 | ZN · tribute_sent a jugador 1 |
| 29:59 | ZN · tribute_sent a jugador 2 |
| 29:59 | ZN · tribute_sent a jugador 3 |
| 29:59 | ZN · tribute_sent a jugador 4 |
| 29:59 | ZN · tribute_sent a jugador 5 |
| 29:59 | ZN · tribute_sent a jugador 6 |
| 29:59 | ZN · tribute_sent a jugador 8 |
| 30:53 | 我种田你顶住 · age_up imperial |
| 31:05 | Tipsta · first_building Barracks |
| 31:50 | wwwguezzwww · age_up imperial |
| 32:06 | Tipsta · first_building Archery Range |
| 32:32 | 狐月 · age_up imperial |
| 33:34 | 我种田你顶住 · first_building Stable |
| 33:53 | RenRen · age_up castle |
| 34:19 | ATM_おれあぽ · first_building Castle |
| 34:23 | RenRen · first_building Siege Workshop |
| 34:37 | 狐月 · wall_segment Stone Wall x13 |
| 35:39 | 狐月 · wall_segment Stone Wall x1 |
| 36:03 | DancingSword · age_up castle |
| 36:27 | DancingSword · first_building Castle |
| 37:44 | Tipsta · wall_segment Stone Wall x11 |
| 37:53 | Tipsta · wall_segment Stone Wall x1 |
| 38:35 | wwwguezzwww · wall_segment Palisade Wall x1 |
| 40:07 | 狐月 · resign |
[ AI ANALYSIS · 1 CREDIT ]
What really happened in this match?
Wolo.gg analyzes every decision: build order, eco, micro, common mistakes by bracket. Personalized analysis on WhatsApp or Discord in 30 seconds.
Civ guide
Vietnamese
Perfil
Jugador #482816